Map: [ESL] Blackburn

Players

Nice

  • Race: Protoss Protoss

Ryung - Winner!

  • Race: Terran Terran

Event: IEM Katowice 2022

VOD

Have the link to the VOD?

Description

Time

  • Played on: Feb. 23, 2022, 3:42 p.m.
  • Length: 6:22

All games in this series

Show
View Real Time Build Order
Export as new Build Order

Nice Protoss 

Build Orders: 1 Gate Expand, Phoenix Opening 

Get SALT Encoding   

  12  0:00  Probe  
  13  0:12  Probe  
  14  0:18  Pylon  
  14  0:24  Probe (Chrono Boost)  
  15  0:35  Assimilator  
  15  0:37  Probe (Chrono Boost)  
  15  0:42  Gateway  
  16  0:45  Probe  
  17  0:57  Probe  
  18  1:09  Probe  
  19  1:21  Probe  
  20  1:34  Nexus  
  20  1:38  Cybernetics Core  
  20  1:40  Assimilator  
  20  1:41  Probe  
  21  1:49  Pylon  
  21  1:53  Probe  
  22  2:05  Probe  
  23  2:11  Adept (Chrono Boost)  
  23  2:14  Warp Gate  
  25  2:17  Probe  
  26  2:29  Probe  
  26  2:34  Sentry (Chrono Boost)  
  27  2:42  Stargate  
  27  2:46  Probe x2  
  29  2:56  Stalker  
  29  2:57  Pylon  
  29  2:58  Probe x2  
  32  3:02  Pylon  
  33  3:10  Probe x2  
  35  3:24  Shield Battery  
  35  3:25  Phoenix (Chrono Boost)  
  37  3:29  Probe  
  37  3:33  Stalker  
  40  3:41  Void Ray (Chrono Boost)  
  42  3:44  Probe  
  45  4:07  Probe  
  45  4:08  Probe  
  47  4:13  Stalker  
  49  4:19  Void Ray (Chrono Boost)  
  49  4:23  Gateway  
  49  4:24  Gateway  
  53  4:34  Probe x2  
  55  4:46  Void Ray (Chrono Boost)  
  55  4:49  Pylon  
  55  4:53  Gateway  
  59  5:07  Gateway  
  59  5:17  Sentry, Zealot  
  59  5:19  Pylon  
  63  5:32  Sentry  
  65  5:40  Adept  
  65  5:41  Adept  
  69  5:44  Pylon  
  69  5:46  Pylon  
Show
View Real Time Build Order
Export as new Build Order

Ryung Terran - Winner!

Build Orders: Cyclone Opening 

Get SALT Encoding   

  12  0:00  SCV  
  13  0:12  SCV  
  14  0:17  Supply Depot  
  14  0:24  SCV  
  15  0:39  SCV, Barracks  
  16  0:46  Refinery  
  16  0:51  SCV  
  16  0:55  Refinery  
  17  1:03  SCV  
  18  1:15  SCV  
  19  1:26  Reaper  
  19  1:27  Orbital Command  
  20  1:45  Supply Depot, Factory  
  20  1:52  SCV  
  21  2:01  Bunker  
  21  2:05  SCV  
  22  2:17  SCV  
  23  2:29  Factory Tech Lab, Command Center  
  23  2:31  SCV  
  24  2:39  Barracks Reactor  
  24  2:43  SCV  
  25  2:48  Cyclone  
  25  2:50  Supply Depot  
  28  2:55  SCV  
  29  3:05  Barracks  
  29  3:07  SCV  
  30  3:16  Marine x2  
  30  3:19  SCV  
  33  3:26  Barracks  
  33  3:31  SCV  
  34  3:35  Marine x2  
  36  3:42  Orbital Command  
  36  3:43  SCV  
  37  3:52  Barracks Tech Lab  
  37  3:55  SCV  
  37  3:57  Marine x2  
  37  4:01  Orbital Command  
  39  4:06  Engineering Bay  
  39  4:08  SCV  
  40  4:12  Stimpack  
  40  4:13  Combat Shield  
  40  4:19  Marine x4  
  40  4:20  SCV  
  44  4:26  SCV, Bunker  
  45  4:32  SCV  
  46  4:38  SCV  
  46  4:39  Marine  
  46  4:40  Marine  
  46  4:43  Marine x2  
  46  4:44  SCV  
  52  4:51  Supply Depot, SCV  
  53  4:54  Starport  
  53  4:59  Missile Turret  
  53  5:03  SCV  
  53  5:05  Factory Reactor  
  54  5:10  Supply Depot  
  54  5:12  SCV  
  54  5:13  Supply Depot  
  55  5:14  Marine  
  55  5:15  Marine x3  
  59  5:21  SCV  
  59  5:24  SCV  
  61  5:32  Marine  
  61  5:33  Supply Depot, SCV  
  62  5:36  SCV, Marine  
  62  5:37  Marauder x2  
  68  5:47  Medivac x2  
  72  5:50  Factory Reactor, Refinery, Marine  
  73  5:59  Marine, Marauder x2  

Tags
 
Add a new tag
Caveats
  • Supply blocks, unpowered buildings, or Contaminate may cause inaccurate times.
  • Supply counts are checked every 10 seconds.